 Dungeon Crawl Stone Soup version 0.22-a0-231-g1b571ea (webtiles) character file.

10 seerdeer the Ruffian (level 2, 0/23 HPs)
             Began as a Draconian Transmuter on Feb 20, 2018.
             Slain by a jackal (1 damage)
             ... on level 1 of the Dungeon.
             The game lasted 00:03:35 (314 turns).

seerdeer the Ruffian (Draconian Transmuter)          Turns: 314, Time: 00:03:36

Health: 0/23       AC:  4    Str: 12    XL:     2   Next: 10%
Magic:  3/5        EV: 12    Int: 13    God:
Gold:   66         SH:  0    Dex: 11    Spells: 4/5 levels left

rFire    . . .     SeeInvis .   e - +0 spear
rCold    . . .     Gourm    .   (no shield)
rNeg     . . .     Faith    .   (armour unavailable)
rPois    .         Spirit   .   (helmet restricted)
rElec    .         Reflect  .   (no cloak)
rCorr    .         Harm     .   (no gloves)
MR       .....                  (boots currently unavailable)
Stlth    +.........             (no amulet)
HPRegen  0.07/turn              (no ring)
MPRegen  0.09/turn              (no ring)

@: appendage
A: unfitting armour, talons 3, cold-blooded, AC +4
a: End Transformation


You were on level 1 of the Dungeon.
You were not hungry.
You had grown temporary talons.
You visited 1 branch of the dungeon, and saw 1 of its levels.

You collected 66 gold pieces.

Inventory:

Hand Weapons
 e - a +0 spear (weapon)
 f - a +0 dagger
 g - a +0 dagger
Missiles
 a - 77 arrows
Scrolls
 c - a scroll of identify
 d - a scroll of remove curse
 h - a scroll of teleportation {unknown}
Potions
 i - a potion of agility {unknown}
Comestibles
 b - a ration


   Skills:
 + Level 1.1 Fighting
 + Level 1.8 Dodging
 + Level 3.4 Unarmed Combat
 + Level 2.2 Spellcasting
 + Level 2.0 Transmutations


You had 4 spell levels left.
You knew the following spells:

 Your Spells              Type           Power        Failure   Level  Hunger
a - Beastly Appendage     Tmut           #.....       11%         1    ##.....


Dungeon Overview and Level Annotations

Branches:
Dungeon (1/15)

Altars:


Innate Abilities, Weirdness & Mutations

Your plain brown scales are hard. (AC +4)
You cannot fit into any form of body armour.
You are cold-blooded and may be slowed by cold attacks.
You have claws for feet.


Message History

Unknown command.
You completely miss the jackal.
Your tail-slap misses the jackal.
The jackal is severely wounded.
The jackal barely misses you. The jackal closely misses you.
The jackal bites you but does no damage.
The jackal closely misses you. The jackal barely misses you.
You hit the jackal but do no damage.
You kill the jackal!
The jackal bites you.
* * * LOW HITPOINT WARNING * * *
The jackal bites you but does no damage.
The jackal closely misses you.
You closely miss the jackal.
The jackal bites you but does no damage. x2
The jackal barely misses you. The jackal misses you.
The jackal closely misses you.
You closely miss the jackal.
Your tail-slap misses the jackal.
The jackal bites you but does no damage.
The jackal closely misses you. The jackal bites you.
You die...

######### ######
#........ #.....
#........ #....$
#........ #.....###
#........ #.......#
##...#...
#..h#h########...#...
######
#>.h@................
#...(#
#####.######...#.....
####.#
#.####..†####.... #.#
#.....†.......... #.#
#............#... #.#
#......†.....#... #.#
#............####
#.########............#
#.##....##............#


You could see 3 jackals.

Vanquished Creatures
  2 bats (D:1)
  A goblin (D:1)
  A jackal (D:1)
  2 kobolds (D:1)
  2 frilled lizards (D:1)
  2 rats (D:1)
10 creatures vanquished.

Notes
Turn   | Place    | Note
-------+----------+-------------------------------------------
     0 | D:1      | seerdeer the Draconian Transmuter began the quest for the Orb.
     0 | D:1      | Reached XP level 1. HP: 16/16 MP: 3/3
   180 | D:1      | Reached XP level 2. HP: 14/23 MP: 3/5
   312 | D:1      | HP: 1/23 [jackal (1)]
   314 | D:1      | Slain by a jackal

Vault maps used:
D:1:      eino_arrival_tree_alley

Action                   || total
-------------------------++-------
Melee: Unarmed           ||    20
       Spear             ||    20
       Tailslap          ||     1
       Kick              ||     1
 Cast: Beastly Appendage ||     7
  Use: Scroll            ||     2
Armor: Skin              ||    21
Dodge: Dodged            ||    61

Table legend:
 A = Spawn XP
 B = Non-spawn XP
 C = Spawn XP percentage of total XP
 D = Spawn monster count
 E = Non-spawn monster count
 F = Spawn count percentage of total count
 G = Total turns spent on level
                    A         B        C        D         E        F      G
               +---------+---------+-------+---------+---------+-------+---------
         Total |       0 |      15 |   0.0 |       0 |      10 |   0.0 |   314
               +---------+---------+-------+---------+---------+-------+---------
           D:1 |       0 |      15 |   0.0 |       0 |      10 |   0.0 |   314
               +---------+---------+-------+---------+---------+-------+---------
